 Dungeon Sprint DCSS version 0.23-a0-703-gdf2d5e0dd9 (webtiles) character file.

485 Denreik the Nimble (level 7, -23/62 HPs)
             Began as a Formicid Fighter on Jan 13, 2019.
             Annihilated by a tyrant leech (29 damage)
             ... in the Dungeon (Sprint II: "The Violet Keep of Menkaure").
             The game lasted 00:02:13 (427 turns).

Denreik the Nimble (Formicid Fighter)                Turns: 427, Time: 00:02:14

Health: -23/62     AC:  6    Str: 26    XL:     7   Next: 35%
Magic:  7/7        EV: 15    Int:  8    God:
Gold:   729        SH: 11    Dex: 11    Spells: 6/6 levels left

rFire    . . .     SeeInvis +   a - +0 quarterstaff
rCold    . . .     Gourm    .   c - +0 shield
rNeg     . . .     Faith    .   b - +0 scale mail
rPois    .         Spirit   .   (helmet unavailable)
rElec    .         Reflect  .   (no cloak)
rCorr    .         Harm     .   (no gloves)
MR       .....                  (no boots)
Stlth    ..........             (no amulet)
HPRegen  0.20/turn              (no ring)
MPRegen  0.10/turn              (no ring)

@: mighty
A: permanent stasis, dig shafts and tunnels, four strong arms, antennae 3
a: Dig


You were in the Dungeon.
You were not hungry.

You visited 1 branch You collected 729 gold pieces.

Inventory:

Hand Weapons
 a - a +0 quarterstaff (weapon)
Armour
 b - a +0 scale mail (worn)
 c - a +0 shield (worn)
Scrolls
 k - a scroll of blinking
Potions
 e - a potion of curing
 h - a potion of haste
 i - 2 potions of magic
 j - a potion of berserk rage
Comestibles
 f - a ration
 l - 8 chunks of flesh


   Skills:
 - Level 8.1 Fighting
 - Level 2.0 Staves
 * Level 3.2 Armour
 + Level 10.6 Dodging
 - Level 8.1 Shields


You had 6 spell levels left.
You didn't know any spells.
Your spell library was empty.

Dungeon Overview and Level Annotations

Branches:
Dungeon (1/1)

Altars:


Innate Abilities, Weirdness & Mutations

You cannot be hasted, slowed, berserked, paralysed or teleported.
You can dig through walls and to a lower floor.
Your four strong arms can wield two-handed weapons with a shield.
You have a pair of large antennae on your head. (SInv)


Message History

The tyrant leech is almost dead.
The tyrant leech bites you!!
* * * LOW HITPOINT WARNING * * *
The tyrant leech draws strength from your injuries!
You completely miss the tyrant leech.
The tyrant leech is heavily wounded.
The tyrant leech closely misses you.
You feel much better. The tyrant leech completely misses you.
You closely miss the tyrant leech.
The tyrant leech is heavily wounded.
The tyrant leech misses you.
You hit the tyrant leech.
The tyrant leech is severely wounded.
The tyrant leech bites you!!
* * * LOW HITPOINT WARNING * * *
The tyrant leech draws strength from your injuries!
You hit the tyrant leech but do no damage.
The tyrant leech is heavily wounded.
The tyrant leech bites you!!
You die...

{ {##+## {
##.#.## {
#..#..# { #
###..#### ##.
#'###.# {
#..w##.##..##
{{ #w@<.'##.+
#...##.##..##
##. #'###.# #
#.#.####
#.###.# ## ##
{


You could see 2 tyrant leeches.

Vanquished Creatures
  2 hippogriffs (D)
  4 worker ants (D)
  3 worms (D)
9 creatures vanquished.

Vanquished Creatures (others)
  A crocodile (D)
1 creature vanquished.

Grand Total: 10 creatures vanquished

Notes
Turn   | Place    | Note
-------+----------+-------------------------------------------
     0 | D        | Denreik the Formicid Fighter began the quest for the Orb.
     0 | D        | Reached XP level 1. HP: 18/18 MP: 1/1
     1 | D        | Noticed a hippogriff
     1 | D        | Noticed a hippogriff
     4 | D        | Noticed a worker ant
     4 | D        | Noticed a worker ant
     4 | D        | Noticed a worker ant
     4 | D        | Noticed a worker ant
     8 | D        | Noticed a tyrant leech
     8 | D        | Noticed a tyrant leech
    25 | D        | Reached skill level 5 in Fighting
    25 | D        | Reached XP level 2. HP: 7/27 MP: 2/2
    34 | D        | Killed a crocodile
   247 | D        | Reached XP level 3. HP: 33/33 MP: 3/3
   256 | D        | Reached XP level 4. HP: 39/39 MP: 4/4
   269 | D        | Reached XP level 5. HP: 36/49 MP: 5/5
   398 | D        | Killed a hippogriff
   398 | D        | Reached skill level 8 in Dodging
   398 | D        | Reached XP level 6. HP: 49/56 MP: 6/6
   403 | D        | Killed a hippogriff
   403 | D        | Reached skill level 10 in Dodging
   403 | D        | Reached XP level 7. HP: 41/62 MP: 7/7
   422 | D        | HP: 2/62 [tyrant leech (23)]
   427 | D        | Annihilated by a tyrant leech

Vault maps used:
D:        the_violet_keep_of_menkaure

Skill      XL: |  1  2  3  4  5  6 |
---------------+-------------------+-----
Fighting       | 5 7 8 |  8.1
Shields        | 6 8 |  8.1
Dodging        | 8 10 | 10.6
Staves         | |  2.0
Armour         | |  3.2

Action                   |  1- 3 |  4- 6 |  7- 9 || total
-------------------------+-------+-------+-------++-------
Melee: Quarterstaff      |    23 |    26 |    15 ||    64
 Abil: Dig               |       |     1 |       ||     1
  Use: Potion            |       |     1 |     1 ||     2
Armor: Scale mail        |     6 |     6 |       ||    12
Dodge: Dodged            |     4 |    21 |     9 ||    34
Block: Shield            |    11 |    16 |     2 ||    29

Table legend:
 A = Non-vault XP
 B = Vault XP
 C = Vault XP percentage of total XP
 D = Non-vault monster count
 E = Vault monster count
 F = Vault count percentage of total count
                 A         B        C        D         E       F
            +---------+---------+-------+---------+---------+-------
      Total |       0 |     694 | 100.0 |       0 |       9 | 100.0
            +---------+---------+-------+---------+---------+-------
          D |       0 |     694 | 100.0 |       0 |       9 | 100.0
            +---------+---------+-------+---------+---------+-------
